 Dungeon Crawl Stone Soup version 0.27.0-1-g7a089689b8 (webtiles) character file.

Game seed: 1000443919409466040

14 sanka the Grave Robber (level 2, 14/15 HPs)
             Began as a Gargoyle Necromancer on Aug 4, 2021.
             Was a Follower of Wu Jian.
             Quit the game on level 1 of the Dungeon.
             The game lasted 00:00:58 (676 turns).

sanka the Grave Robber (Gargoyle Necromancer)        Turns: 676, Time: 00:00:58

Health: 14/15      AC:  4    Str: 11    XL:     2   Next: 45%
Magic:  5/5        EV: 11    Int: 15    God:    Wu Jian [*.....]
Gold:   21         SH:  0    Dex: 10    Spells: 4/5 levels left

rFire    . . .     SeeInvis .   (no weapon)
rCold    . . .     Faith    .   (no shield)
rNeg     + . .     Spirit   .   a - +0 robe
rPois    ∞         Reflect  .   (no helmet)
rElec    +         Harm     .   (no cloak)
rCorr    .         Rampage  .   (no gloves)
Will     .....                  (no boots)
Stlth    ++........             (no amulet)
HPRegen  0.05/turn              (no ring)
MPRegen  0.09/turn              (no ring)

@: no status effects
A: sickness immunity, AC +2, negative energy resistance 1, electricity
resistance, torment resistance 1, petrification resistance
a: Renounce Religion


You were on level 1 of the Dungeon.
You worshipped Wu Jian.
Wu Jian was aware of your devotion.
You visited 1 branch of the dungeon, and saw 1 of its levels.

You collected 21 gold pieces.


Innate Abilities, Weirdness & Mutations

You are immune to sickness and miasma.
Your stone body is resilient. (AC +2)
You are immune to poison.
You resist negative energy. (rN+)
You are resistant to electric shocks. (rElec)
You are resistant to unholy torment.
You are immune to petrification.


   Skills:
 - Level 1.5 Dodging
 - Level 2.1 Stealth
 - Level 2.0 Spellcasting
 + Level 3.8 Necromancy


You had 4 spell levels left.
You knew the following spells:

 Your Spells              Type           Power      Damage    Failure   Level
z - Pain                  Necr           52%        1d6       4%          1

Your spell library contained the following spells:

 Spells                   Type           Power      Damage    Failure   Level
 Animate Skeleton         Necr           26%        N/A       4%          1
 Vampiric Draining        Necr           6%         2d6       14%         3
 Animate Dead             Necr           6%         N/A       41%         4
 Agony                    Necr           13%        N/A       77%         5

Inventory:

Armour
 a - a +0 robe (worn)
Scrolls
 b - a scroll of magic mapping {unknown}
 c - a scroll of immolation {unknown}

Dungeon Overview and Level Annotations

Branches:
Dungeon (1/15)

Altars:
Wu Jian

▒ ▒ .▒ ▒ ▒▒▒▒▒▒▒▒▒ ..
▒ ▒ ▒.......▒▒ .▒.▒
▒▒▒▒▒▒▒▒.........
▒.▒.▒
.......'......▒▒▒▒▒
....
▒▒▒▒▒▒▒▒).....▒8.8▒
..▒
▒........8▒▒▒...▒▒▒8.▒
▒.........'...8...'..▒
▒........8▒▒▒..b▒▒▒8.▒
▒...[.......▒8.8▒ ..▒
▒.......▒▒▒.▒▒▒▒▒ ..▒
▒▒▒▒.▒▒▒▒ ... ▒.▒ ▒.
▒▒. .▒ ▒. . .. (▒


You could see a bat.


Message History

A kobold comes into view. It is wielding a +0 whip.
The kobold shouts!
Found a ring mail.
A kobold is nearby!
A kobold is nearby!
The kobold writhes in agony.
You kill the kobold!
Unknown command.
Things that are here:
a +0 whip; a kobold corpse You open the door.
Found a faded altar of an unknown god.
There is an open door here.
There is a faded altar of an unknown god here.
You open the door.
A bat comes into view.
Found 21 sling bullets.
There is an open door here.
The bat hits you. The bat hits you but does no damage.
The bat barely misses you. The bat barely misses you.
There is a faded altar of an unknown god here.
You cannot tell which god this altar belongs to.
Convert to them anyway?
Wu Jian accepts your prayer! The Council welcomes you!
You can now perform damaging attacks by moving towards foes.
You can now lightly attack monsters by moving around them.
The bat misses you.
Are you sure you want to abandon this character and quit the game? (Confirm with "yes".)

Action                   || total
-------------------------++-------
Melee: Unarmed           ||    11
 Cast: Pain              ||    18
Armor: Robe              ||    10
Dodge: Dodged            ||    24

Levels and vault maps discovered:
D:1:      lightli_molten_gateway, layout_basic,
          dreamdust_ecumenical_altar_angels_and_demons, st_stairs_13,
          minmay_cut_off

Notes
Turn   | Place    | Note
-------+----------+-------------------------------------------
     0 | D:1      | sanka the Gargoyle Necromancer began the quest for the Orb.
     0 | D:1      | Reached XP level 1. HP: 10/10 MP: 3/3
   161 | D:1      | Reached XP level 2. HP: 5/15 MP: 0/5
   660 | D:1      | Found a faded altar of an unknown god.
   675 | D:1      | Became a worshipper of the Wu Jian Council
   675 | D:1      | Reached * piety under Wu Jian
   676 | D:1      | Quit the game

Vanquished Creatures
  4 bats (D:1)
  An endoplasm (D:1)
  4 jackals (D:1)
  A kobold (D:1)
  A frilled lizard (D:1)
  A rat (D:1)
12 creatures vanquished.
